 Dungeon Crawl Stone Soup version 0.29-a0-648-g6b26cc9f40 (webtiles) character file.

Game seed: 9073858718464710630

83708 Bruhh the Destroyer (level 14, -6/157 HPs)
             Began as a Demigod Air Elementalist on June 20, 2022.
             Killed from afar by a will-o-the-wisp (19 damage)
             ... with a foxfire
             ... on level 2 of the Swamp.
             The game lasted 00:50:30 (30842 turns).

Bruhh the Destroyer (Demigod Air Elementalist)     Turns: 30842, Time: 00:50:31

Health: -6/157     AC: 34    Str:  9    XL:     14   Next: 93%
Magic:  15/35      EV:  9    Int: 42    God:
Gold:   1409       SH:  0    Dex: 14    Spells: 1/37 levels left

rFire   . . .      SeeInvis .   I - +8 frozen axe "Frostbite" {freezing cloud, *Noise Fly rC+}
rCold   + . .      Faith    .   (shield currently unavailable)
rNeg    + . .      Spirit   .   (body armour currently unavailable)
rPois   ∞          Reflect  .   L - +2 hat {Int+3}
rElec   +          Harm     .   (no cloak)
rCorr   .          Rampage  .   (gloves currently unavailable)
Will    +....                   (boots currently unavailable)
Stlth   ++........              V - amulet of magic regeneration
HPRegen 0.36/turn               M - +4 ring of protection
MPRegen 0.64/turn               U - +6 ring of intelligence

@: statue-form, flying, slowed, constricted, studying Shields, invisible, very
slow
A: slow and powerful, torment resistance 1, boosted hp, high MP 1, forlorn,
divine attributes
a: End Transformation


You were on level 2 of the Swamp.
You were a living statue of rough stone.
You visited 3 branches of the dungeon, and saw 17 of its levels.
You also visited: Ossuary and Bailey.

You collected 1409 gold pieces.

Inventory:

Hand Weapons
 B - a +0 great sword of venom
 F - a +1 eveningstar of draining
 I - the +8 frozen axe "Frostbite" (weapon) {freezing cloud, *Noise Fly rC+}
   (You took it off an orc warrior in a bailey)

   It freezes those it strikes, dealing additional cold damage.
   It can also slow down cold-blooded creatures.
   It occasionally leaves clouds of freezing vapour upon striking a foe.
   It grants immunity to clouds of freezing vapour.
   rC:        It protects you from cold.
   Fly:       It grants you flight.
   *Noise:    It may make noises in combat.
 X - a +0 quick blade
Missiles
 d - 2 throwing nets
Armour
 C - a +2 cloak
 L - a +2 hat of intelligence (worn)
 O - +0 steam dragon scales (melded)
 R - a +0 pair of boots (melded)
Jewellery
 f - a ring of see invisible
 m - a +6 ring of strength
 o - a ring of ice
 q - a ring of poison resistance
 D - an amulet of the acrobat
 H - a +6 ring of strength
 K - an amulet of reflection
 M - a +4 ring of protection (left fist)
 P - a ring of protection from fire
 U - a +6 ring of intelligence (right fist)
 V - an amulet of magic regeneration (around neck)
Wands
 t - a wand of polymorph (13)
 x - a wand of flame (31)
 z - a wand of paralysis (23)
 J - a wand of iceblast (7)
 S - a wand of mindburst (15)
 Z - a wand of acid (12)
Scrolls
 a - 4 scrolls of identify
 g - 5 scrolls of enchant weapon
 h - 4 scrolls of amnesia
 k - 3 scrolls of enchant armour
 y - 3 scrolls of magic mapping
 N - 4 scrolls of immolation
 Q - 3 scrolls of brand weapon
 W - a scroll of torment
Potions
 b - a potion of flight
 c - 2 potions of attraction
 e - 2 potions of cancellation
 i - 4 potions of haste
 j - 4 potions of brilliance
 l - 13 potions of curing
 r - 2 potions of resistance
 s - a potion of invisibility
 u - 9 potions of might
 v - a potion of heal wounds
 A - 3 potions of lignification
 G - 3 potions of mutation
 T - 4 potions of ambrosia
 Y - a potion of berserk rage


   Skills:
 - Level 10.0 Fighting
 - Level 5.3 Armour
 - Level 1.7 Dodging
 - Level 1.7 Stealth
 - Level 12.0 Spellcasting
 - Level 12.0 Conjurations
 + Level 5.6 Summonings
 - Level 8.0 Transmutations
 - Level 9.0 Air Magic
 - Level 7.0 Earth Magic


You had one spell level left.
You knew the following spells:

 Your Spells              Type           Power      Damage    Failure   Level
a - Shock                 Conj/Air       100%       1d9       0%          1
b - Static Discharge      Conj/Air       85%        N/A       1%          2
c - Lightning Bolt        Conj/Air       42%        1d62      1%          5
d - Airstrike             Air            39%        N/A       1%          4
e - Summon Lightning Spi  Summ/Air       72%        N/A       1%          4
f - Swiftness             Air            79%        N/A       1%          3
g - Freezing Cloud        Conj/Ice/Air   35%        6-21      1%          5
h - Iron Shot             Conj/Erth      40%        9d8       3%          6
i - Statue Form           Tmut/Erth      48%        N/A       9%          6

Your spell library contained the following spells:

 Spells                   Type           Power      Damage    Failure   Level
 Freeze                   Ice            100%       1d11      1%          1
 Sandblast                Erth           100%       2d20      1%          1
 Passwall                 Tmut/Erth      60%        N/A       1%          2
 Ignite Poison            Fire/Tmut/Pois 47%        N/A       1%          3
 Mephitic Cloud           Conj/Pois/Air  71%        N/A       1%          3
 Stone Arrow              Conj/Erth      100%       3d13      1%          3
 Hailstorm                Conj/Ice       66%        3d14      1%          4
 Lee's Rapid Deconstruct  Erth           35%        3d19*     1%          5
 Frozen Ramparts          Ice            50%        1d7       3%          3
 Inner Flame              Hex/Fire       25%        N/A       3%          3
 Leda's Liquefaction      Hex/Erth       26%        N/A       3%          4
 Anguish                  Hex/Necr       12%        N/A       12%         4
 Maxwell's Capacitive Co  Air            39%        ∞         90%         8
 Malign Gateway           Summ/Tloc      24%        N/A       97%         7
 Enfeeble                 Hex            12%        N/A       100%        7
 Summon Horrible Things   Summ           32%        N/A       100%        8
 Polar Vortex             Ice            12%        N/A       100%        9


Dungeon Overview and Level Annotations

Branches:
Dungeon (9/15)             Temple (0/1) D:6            Lair (6/6) D:9
  Swamp (2/4) Lair:4       Spider (0/4) Lair:4        Slime (0/5) Lair:6
Ossuary (visited)          Bailey (visited)
    Orc: D:9-12

Shops:
D:5 (!?=

Portals:
Abyss: Lair:2

Annotations:
D:6 3 runed translucent doors, astraldaughter's ghost, amateur OpTm
Lair:2 2 transporters, MeekVeins's ghost, journeyman HOCA
Swamp:2 1 transporter


Innate Abilities, Weirdness & Mutations

You are a living statue of rough stone.
Your actions are slow, but your melee attacks are powerful.
You are resistant to unholy torment.
Your maximum health is greatly increased.
You are immune to poison.
Your equipment is partially melded.
You have an increased reservoir of magic. (+10% MP)
You shall have no god before yourself.
Your divine heritage dramatically boosts your attributes as you level up.


Message History

The spriggan rider is engulfed in freezing vapours.
The tentacled monstrosity is engulfed in freezing vapours.
The tentacled monstrosity tentacle-slaps you but does no damage.
The tentacled monstrosity tentacle-slaps you!
* * * LOW HITPOINT WARNING * * *
The tentacled monstrosity tentacle-slaps you but does no damage.
The tentacled monstrosity constricts you.
The vampire mosquito is engulfed in freezing vapours.
The vampire mosquito barely misses you.
The spriggan rider is engulfed in freezing vapours.
The spriggan rider hits you but does no damage.
The swamp worm is engulfed in spectral mist.
The bog body touches you but does no damage.
The foxfire is engulfed in freezing vapours. x2
The ghost crab breathes spectral mist at you.
The spectral mist engulfs the swamp worm but does no damage.
The will-o-the-wisp gestures.
The will-o-the-wisp conjures some foxfire!
The vampire mosquito is engulfed in freezing vapours.
You destroy the vampire mosquito!
The tentacled monstrosity is engulfed in freezing vapours.
The tentacled monstrosity tentacle-slaps you!
* * * LOW HITPOINT WARNING * * *
The tentacled monstrosity tentacle-slaps you but does no damage. x2
The tentacled monstrosity constricts you.
The spriggan rider is engulfed in freezing vapours.
You kill the hornet!
The spriggan falls from its now dead mount.
The spriggan splashes around in the water.
The bog body barely misses you.
The foxfire is engulfed in freezing vapours. 2 foxfires come into view.
Okay, then.
You fade into invisibility!
The foxfire is engulfed in freezing vapours. x2
The foxfire hits you!
* * * LOW HITPOINT WARNING * * *
The foxfire is engulfed in freezing vapours. x3
The foxfire hits you!!
You die...

♣≈§≈..≈≈≈≈≈.≈..
.♣♣..≈≈≈≈≈≈≈....
≈≈♣♣.≈≈≈≈≈≈≈.≈<.
≈..♣.n§≈≈≈≈...♣.
..F..v§≈≈≈.<....
≈≈§♣§§≈≈≈≈≈...○≈
§i§§§.≈≈≈≈≈≈.≈°.
..♣§♣♣♣♣X§v§♣.≈≈≈≈≈..≈°≈
≈≈.≈.§§8v♣ ♣♣...≈≈.♣..≈
..≈≈♣♣§nw°♣ ♣.≈≈≈≈.♣♣♣.
≈ ♣§§§.♣ ♣≈≈≈≈.♣♣ ♣♣
♣..≈≈t≈ ≈≈.≈.≈ ♣≈.○○.☼°
♣♣♣≈§♣°≈§§ §♣♣♣§.≈ §≈
≈..


You could see a tentacled monstrosity, a ghost crab (can't see you), a goliath
frog (can't see you), a will-o-the-wisp, 2 bog bodies, a swamp worm (can't see
you) and a spriggan.

Vanquished Creatures
  Rupert (Lair:3)
  Gastronok (Lair:2)
  An orc warlord (Bailey)
  Louise (Swamp:1)
  A bunyip (Swamp:1)
  A fire dragon (Lair:6)
  9 hydras
  A boulder beetle (Lair:5)
  2 catoblepae (Lair:3)
  A two-headed ogre (D:8)
  An alligator (Swamp:1)
  4 death yaks (Lair:5)
  A fire crab (Lair:6)
  2 goliath frogs (Swamp:1)
  2 swamp dragons
  4 bog bodies
  An orc knight (Bailey)
  2 lindwurms
  Pikel (D:9)
  5 oklob plants
  A wolf spider (Lair:6)
  4 elephants (Lair:3)
  2 manticores
  2 will-o-the-wisps
  14 cane toads
  A guardian serpent (Lair:6)
  8 black mambas
  A torpor snail (Lair:4)
  6 rime drakes
  17 komodo dragons
  A troll (D:9)
  A queen bee (Lair:2)
  2 polar bears
  9 tyrant leeches
  Grinder (D:3)
  5 hornets
  15 blink frogs
  8 dream sheep (Lair:4)
  3 culicivoras (Lair:4)
  15 wyverns
  Sigmund (D:3)
  A wraith (D:9)
  6 jumping spiders (Lair:4)
  A spriggan (Lair:4)
  21 yaks
  2 basilisks
  4 redbacks
  5 steam dragons
  10 vampire mosquitoes
  8 swamp worms
  2 acid dragons (Lair:6)
  25 water moccasins
  2 swamp drakes
  13 orc warriors
  An ice beast (D:7)
  5 black bears
  11 wolves
  2 centaurs
  A lemure (D:9)
  A phantom (D:6)
  19 bullfrogs
  4 scorpions
  4 water moccasin zombies (Ossuary)
  32 killer bees
  An electric eel (Lair:4)
  3 orc priests
  12 jellies
  3 gnoll shamans
  6 hounds
  Jessica (D:3)
  7 iguanas
  Terence (D:2)
  3 orc wizards
  7 hell rats
  Robin (D:3)
  2 mummies (Ossuary)
  7 adders
  12 gnolls
  A shadow imp (D:7)
  A white imp (D:6)
  An ufetubus (D:4)
  3 adder zombies (Ossuary)
  A worm (D:3)
  A dart slug (D:2)
  24 orcs
  A ball python (D:4)
  2 bats
  6 endoplasms
  4 giant cockroaches
  2 gnoll zombies (Ossuary)
  21 goblins
  14 hobgoblins
  3 jackals (D:1)
  6 kobolds
  A quokka (D:3)
  5 frilled lizards
  7 hobgoblin zombies (Ossuary)
  6 kobold zombies (Ossuary)
  5 orc zombies (Ossuary)
  2 rats
522 creatures vanquished.

Vanquished Creatures (collateral kills)
  2 death yaks (Lair:5)
  A will-o-the-wisp (Lair:4)
  An elephant (Lair:3)
  A blink frog (Lair:5)
  2 yaks (Lair:1)
  A wyvern (Lair:5)
  A bullfrog (Lair:1)
  A jelly (Lair:6)
  4 hell rats (Lair:4)
14 creatures vanquished.

Vanquished Creatures (others)
  A bloated husk (Swamp:1)
  A hell rat (Lair:5)
  3 bushes (Lair:5)
  23 foxfires
  121 fungi
  174 plants
323 creatures vanquished.

Grand Total: 859 creatures vanquished

Notes
Turn   | Place    | Note
-------+----------+-------------------------------------------
     0 | D:1      | Bruhh the Demigod Air Elementalist began the quest for the
                  | Orb.
     0 | D:1      | Reached XP level 1. HP: 14/14 MP: 5/5
   554 | D:1      | Reached XP level 2. HP: 20/20 MP: 2/8
  1167 | D:2      | Noticed Terence
  1178 | D:2      | Killed Terence
  1179 | D:2      | Reached XP level 3. HP: 4/26 MP: 7/10
  1944 | D:2      | You fall into a shaft and drop 1 floor!
  1953 | D:3      | Noticed Sigmund
  1964 | D:3      | Killed Sigmund
  1965 | D:3      | Reached XP level 4. HP: 19/33 MP: 5/13
  1965 | D:3      | Reached XP level 5. HP: 22/38 MP: 5/14
  2133 | D:3      | Learned a level 2 spell: Static Discharge
  2310 | D:3      | Noticed Robin
  2353 | D:3      | Killed Robin
  2620 | D:3      | Noticed Grinder
  2635 | D:3      | Killed Grinder
  2636 | D:3      | Reached XP level 6. HP: 20/45 MP: 7/16
  3105 | D:3      | Noticed Jessica
  3108 | D:3      | Killed Jessica
  3498 | D:4      | Reached skill level 5 in Spellcasting
  3498 | D:4      | Reached XP level 7. HP: 41/50 MP: 11/18
  3683 | D:4      | Got the Guide on Damaging Fire
  3702 | D:4      | Found a sand-covered staircase.
  4037 | Ossuary  | Entered an ossuary
  4635 | Ossuary  | Reached skill level 5 in Air Magic
  4891 | D:5      | Entered Level 5 of the Dungeon
  5114 | D:5      | Noticed a +0 dagger
  5114 | D:5      | Noticed a +0 dagger
  5173 | D:5      | Found Maduss's Distillery.
  5175 | D:5      | Found Qodecra's Antique Weapon Boutique.
  5176 | D:5      | Found Capluqol's Magic Scroll Boutique.
  5176 | D:5      | Found Cazerph's Jewellery Emporium.
  6502 | D:6      | Reached XP level 8. HP: 57/57 MP: 17/21
  6574 | D:6      | Noticed astraldaughter's ghost (amateur OpTm)
  6575 | D:6      | Found a runed translucent gate.
  6576 | D:6      | Found a runed translucent gate.
  6577 | D:6      | Found a runed translucent gate.
  6581 | D:6      | Identified the +8 war axe of Fatucynig {protect, rC- Will++
                  | Dex+2}
  6601 | D:6      | Found a staircase to the Ecumenical Temple.
  6660 | D:6      | Identified the +0 plate armour of Rieciegudi {rC+ rCorr
                  | Int-5 Dex+3}
  7630 | D:6      | Found the +1 cloak of Starlight {*Dazzle EV+4 Stlth--}
  7890 | D:7      | Learned a level 5 spell: Lightning Bolt
  8290 | D:7      | Found a flagged portal.
  8309 | Bailey   | Entered a bailey
  8390 | Bailey   | Reached skill level 5 in Conjurations
  8501 | Bailey   | Reached XP level 9. HP: 25/62 MP: 0/23
  9417 | Bailey   | Noticed an orc warlord
  9418 | Bailey   | Noticed an orc knight
  9430 | Bailey   | Killed an orc knight
  9433 | Bailey   | Killed an orc warlord
  9879 | D:7      | Learned a level 4 spell: Airstrike
 10001 | D:7      | Reached XP level 10. HP: 69/69 MP: 19/24
 10603 | D:8      | Noticed a two-headed ogre
 10611 | D:8      | Killed a two-headed ogre
 11089 | D:8      | Reached skill level 1 in Fighting
 11558 | D:9      | Noticed Pikel
 11569 | D:9      | Killed Pikel
 11587 | D:9      | Found a staircase to the Lair.
 12062 | D:9      | Got the Catalogue of Lightness and the Snowflakes
 12720 | D:9      | Learned a level 4 spell: Summon Lightning Spire
 12724 | D:9      | Learned a level 3 spell: Swiftness
 12725 | Lair:1   | Entered Level 1 of the Lair of Beasts
 12894 | Lair:1   | Reached skill level 5 in Fighting
 12894 | Lair:1   | Reached XP level 11. HP: 86/86 MP: 13/27
 12899 | Lair:1   | Noticed a four-headed hydra
 12911 | Lair:1   | Killed a four-headed hydra
 13545 | Lair:1   | Noticed a seven-headed hydra
 13552 | Lair:1   | Killed a seven-headed hydra
 14741 | Lair:2   | Found a transporter.
 14747 | Lair:2   | Found a transporter.
 14777 | Lair:2   | Noticed a spriggan rider
 14780 | Lair:2   | Noticed a sun demon
 14781 | Lair:2   | Noticed MeekVeins's ghost (journeyman HOCA)
 14829 | Lair:2   | You are sucked into a shaft and drop 2 floors!
 14863 | Lair:4   | Reached skill level 10 in Spellcasting
 14863 | Lair:4   | Reached XP level 12. HP: 30/104 MP: 19/31
 14870 | Lair:4   | Noticed a catoblepas
 14871 | Lair:4   | Noticed a catoblepas
 15270 | Lair:3   | Learned a level 5 spell: Freezing Cloud
 15717 | Lair:3   | Noticed Rupert
 15725 | Lair:3   | Killed Rupert
 16435 | Lair:3   | Reached skill level 10 in Conjurations
 17039 | Lair:2   | Noticed an eight-headed hydra
 17044 | Lair:2   | Noticed Gastronok
 17049 | Lair:2   | Killed an eight-headed hydra
 17234 | Lair:2   | Reached XP level 13. HP: 108/111 MP: 23/32
 17716 | Lair:2   | Found a one-way gate to the infinite horrors of the Abyss.
 17766 | Lair:2   | Reached skill level 5 in Earth Magic
 17883 | Lair:2   | Killed Gastronok
 18408 | Lair:2   | Noticed an entropy weaver
 18821 | Lair:3   | Learned a level 6 spell: Iron Shot
 21042 | Lair:4   | Found a hole to the Spider Nest.
 22009 | Lair:4   | Found a staircase to the Swamp.
 22501 | Lair:5   | Reached skill level 10 in Fighting
 23331 | Lair:5   | Reached skill level 1 in Armour
 23337 | Lair:5   | Reached XP level 14. HP: 121/121 MP: 8/35
 23861 | Lair:5   | Reached skill level 1 in Transmutations
 24829 | Lair:6   | Entered Level 6 of the Lair of Beasts
 25571 | Lair:6   | Found a staircase to the Slime Pits.
 26068 | Lair:6   | Reached skill level 5 in Armour
 26079 | Lair:6   | Learned a level 6 spell: Statue Form
 26099 | Lair:6   | Paralysed by a hornet for 3 turns
 26442 | Lair:6   | Reached skill level 5 in Transmutations
 28121 | Lair:6   | Identified the +8 dagger of Laceration {drain, rC+ SInv}
 28254 | Swamp:1  | Entered Level 1 of the Swamp
 28350 | Lair:4   | Reached skill level 1 in Summonings
 28842 | Swamp:1  | Noticed Louise
 28846 | Swamp:1  | Killed Louise
 29942 | Swamp:1  | Reached skill level 5 in Summonings
 30831 | Swamp:2  | Found a transporter.
 30834 | Swamp:2  | Noticed a tentacled monstrosity
 30842 | Swamp:2  | Killed from afar by a will-o-the-wisp

Illustrated notes

Levels and vault maps discovered:
D:1:      dpeg_arrival_rooms_with_view, layout_basic,
          dilly_ecumenical_altar_fadedgnrine, lemuel_another_geyser
D:2:      layout_basic, uniq_terence
D:3:      layout_basic, slow_altar_1, serial_glass, glass_columns_b,
          glass_columns_c, chequers_avenue, uniq_jessica, uniq_robin,
          uniq_sigmund, uniq_grinder
D:4:      layout_cave_pools, nicolae_ossuary_entry_monument
D:5:      layout_basic, dancing_weapons_uskayaw, nicolae_wooded_promenade
D:6:      layout_basic, nicolae_wu_jian_wuxing_cycle, zin_academy,
          minmay_temple_entry_waves, biasface_ghost_orc_armoury
D:7:      layout_rooms, fedhas_altar_1, enter_bailey_5,
          minmay_misc_feat_more_columns
D:8:      layout_loops_ring
D:9:      layout_roguey, due_lair_maze_entry_diamond, uniq_pikel
Lair:1:   layout_regular_city, lemuel_oklob_altar, grunt_megastairs_3
Lair:2:   layout_small_grid, basic_altar, gammafunk_ghost_abyssal_escape,
          special_room [special_room_bee], serial_bayou_pond_a, st_stairs_7,
          infiniplex_staircase_pool_2, uniq_gastronok
Lair:3:   layout_cave_pods, uniq_rupert
Lair:4:   nzn_motion_control, layout_misc_corridors,
          nicolae_swamp_entry_splash_gauntlet,
          nicolae_spider_entry_tight_spaces, grunt_megastairs_5
Lair:5:   minmay_lair_oklob_tunnel, layout_gridlike, special_room
          [special_room_mythical_zoo]
Lair:6:   hangedman_lair_tendril_chambers, layout_loops_ring,
          guppyfry_lair_end_dragon, minmay_slime_entry_jelly_boxes
Swamp:1:  layout_basic_swamp, evilmike_swamp_ruin_house_2, swamp_pool1,
          nicolae_swamp_bloodsuckers_inc, uniq_louise
Swamp:2:  layout_basic_swamp, gammafunk_ghost_arena, evilmike_swamp_ruin_wall,
          infiniplex_staircase_pool

Skill      XL: |  1  2  3  4  5  6  7  8  9 10 11 12 13 14 |
---------------+-------------------------------------------+-----
Spellcasting   | 2 3 4 5 6 7 8 10 12 | 12.0
Conjurations   | 3 4 5 8 9 10 12 | 12.0
Air Magic      | 3 4 5 7 9 |  9.0
Fighting       | 5 9 10 | 10.0
Earth Magic    | 4 7 |  7.0
Armour         | 2 5 |  5.3
Transmutations | 8 |  8.0
Summonings     | 5 |  5.6
Dodging        | |  1.7
Stealth        | |  1.7

Action                   |  1- 3 |  4- 6 |  7- 9 | 10-12 | 13-15 || total
-------------------------+-------+-------+-------+-------+-------++-------
Melee: Unarmed           |     3 |    12 |     5 |       |       ||    20
       Great sword       |       |       |    41 |       |       ||    41
       Executioner's axe |       |       |    15 |   109 |   146 ||   270
       Quick blade       |       |       |       |       |     8 ||     8
       Eveningstar       |       |       |       |       |    23 ||    23
 Cast: Shock             |    73 |    65 |   290 |   128 |    83 ||   639
       Static Discharge  |       |    12 |    40 |    18 |    33 ||   103
       Lightning Bolt    |       |       |     4 |    49 |   317 ||   370
       Summon Lightning  |       |       |       |    11 |    15 ||    26
       Airstrike         |       |       |       |     4 |       ||     4
       Freezing Cloud    |       |       |       |     3 |    14 ||    17
       Iron Shot         |       |       |       |       |    21 ||    21
       Swiftness         |       |       |       |       |     3 ||     3
       Statue Form       |       |       |       |       |    11 ||    11
Evoke: Wand              |       |       |     4 |       |       ||     4
  Use: Potion            |     1 |     2 |     4 |     4 |     9 ||    20
       Scroll            |     2 |     1 |    15 |     6 |    16 ||    40
Armor: Robe              |     7 |     3 |    38 |     1 |       ||    49
       Steam dragon scal |       |       |       |   103 |   177 ||   280
       Skin              |       |       |       |       |   200 ||   200
Dodge: Dodged            |    25 |    22 |   118 |   148 |   362 ||   675
Block: Other             |       |       |       |    56 |    53 ||   109

Table legend: (Time is in decaauts)
 A = Elapsed time spent in this place.
 B = Non-inter-level travel time spent in this place.
 C = Inter-level travel time spent in this place.
 D = Time resting spent in this place.
 E = Time spent auto-exploring this place.
 F = Levels seen in this place.
 G = Mean time per level.
                   A        B        C        D        E       F      G
               +--------+--------+--------+--------+--------+-----+--------+
         Total |  31504 |  30688 |    816 |   5435 |  21169 |  19 | 1658.1 |
       Dungeon |  10402 |  10033 |    369 |    990 |   7871 |   9 | 1155.8 |
          Lair |  16513 |  16142 |    371 |   3899 |  10162 |   6 | 2752.2 |
         Swamp |   2200 |   2124 |     76 |    341 |   1419 |   2 | 1100.0 |
       Ossuary |    823 |    823 |      0 |    204 |    527 |   1 |  823.0 |
        Bailey |   1564 |   1564 |      0 |      0 |   1189 |   1 | 1564.0 |
               +--------+--------+--------+--------+--------+-----+--------+

Top non-repeatable levels by time:
  Lair:3: 3809 daAuts
  Lair:5: 3506 daAuts
  Lair:6: 2704 daAuts
  Lair:4: 2439 daAuts
  Lair:1: 2438 daAuts
 Swamp:1: 2166 daAuts
     D:8: 1628 daAuts
  Lair:2: 1615 daAuts
  Bailey: 1564 daAuts
     D:3: 1512 daAuts
     D:1: 1472 daAuts
     D:6: 1401 daAuts
     D:5: 1369 daAuts
     D:9: 981 daAuts
     D:7: 929 daAuts
